 Dungeon Crawl Stone Soup version 0.22.1-1-ga44c0e5 (webtiles) character file.

1311 dvd the Sneak (level 8, -2/50 HPs)
             Began as an Octopode Fire Elementalist on Oct 22, 2018.
             Was a Follower of Vehumet.
             Slain by a centaur (7 damage)
             ... on level 6 of the Dungeon.
             The game lasted 00:13:46 (5239 turns).

dvd the Sneak (Octopode Fire Elementalist)          Turns: 5239, Time: 00:13:48

Health: -2/50      AC:  1    Str:  8    XL:     8   Next: 58%
Magic:  3/15       EV: 14    Int: 19    God:    Vehumet [*.....]
Gold:   95         SH:  0    Dex: 12    Spells: 9/16 levels left

rFire    . . .     SeeInvis .   g - +2 dagger (venom)
rCold    . . .     Gourm    .   (no shield)
rNeg     . . .     Faith    .   (helmet restricted)
rPois    .         Spirit   .   w - amulet of regeneration
rElec    .         Reflect  .   s - ring of resist corrosion
rCorr    +         Harm     .   (no ring)
MR       .....                  (no ring)
Stlth    ++++......             (no ring)
HPRegen  0.56/turn              (no ring)
MPRegen  0.14/turn              (no ring)
                                (no ring)
                                (no ring)

@: no status effects
A: almost no armour, stealthy swim, amphibious, 8 rings, constrict 8, camouflage
1, gelatinous body 1
a: Renounce Religion


You were on level 6 of the Dungeon.
You worshipped Vehumet.
Vehumet was aware of your devotion.
You were not hungry.

You visited 2 branches of the dungeon, and saw 7 of its levels.

You collected 193 gold pieces.
You spent 98 gold pieces at shops.

Inventory:

Hand Weapons
 g - a +2 dagger of venom (weapon)
 z - a +0 dagger of draining
Magical Staves
 y - an uncursed staff of conjuration
Jewellery
 s - a ring of resist corrosion (left tentacle)
 t - an uncursed amulet of magic regeneration
 w - an amulet of regeneration (around mantle)
Wands
 m - a wand of disintegration (16)
 q - a wand of random effects (25)
Scrolls
 c - 5 scrolls of remove curse {unknown}
 e - a scroll of fear {unknown}
 f - a scroll of immolation {unknown}
 i - 5 scrolls of teleportation
 j - 6 scrolls of identify {unknown}
 n - a scroll of noise {unknown}
 o - 2 scrolls of amnesia {unknown}
 r - a scroll of magic mapping {unknown}
 v - a scroll of enchant armour {unknown}
Potions
 a - 2 potions of flight {unknown}
 d - a potion of might {unknown}
 h - a potion of agility {unknown}
 k - 3 potions of brilliance {unknown}
 l - 2 potions of lignification {unknown}
 p - a potion of resistance {unknown}
 x - 2 potions of curing
Comestibles
 b - 8 rations
 u - 4 chunks of flesh


   Skills:
 + Level 2.1 Fighting
 + Level 3.2 Short Blades
 + Level 3.5 Dodging
 + Level 6.9 Stealth
 + Level 4.7 Spellcasting
 + Level 3.6 Conjurations
 + Level 5.1 Fire Magic


You had 9 spell levels left.
You knew the following spells:

 Your Spells              Type           Power        Failure   Level  Hunger
a - Flame Tongue          Conj/Fire      ###..        1%          1    None
b - Throw Flame           Conj/Fire      ###...       3%          2    #......
c - Sticky Flame          Conj/Fire      ###.....     21%         4    ####...

Your spell library contained the following spells:

 Spells                   Type           Power        Failure   Level  Hunger
 Magic Dart               Conj           ###.         2%          1    None
 Conjure Flame            Conj/Fire      ###.....     6%          3    ##.....
 Inner Flame              Hex/Fire       ##......     13%         3    ##.....
 Fireball                 Conj/Fire      ###.......   50%         5    ######.


Dungeon Overview and Level Annotations

Branches:
Dungeon (6/15)             Temple (1/1) D:5

Altars:
Ashenzari
Cheibriados
Dithmenos
Elyvilon
Fedhas
Gozag
Hepliaklqana
Kikubaaqudgha
Makhleb
Nemelex Xobeh
Okawaru
Qazlal
Ru
Sif Muna
Trog
Vehumet
Wu Jian
Xom
Zin
The Shining One

Shops:
D:4 [   D:5 *


Innate Abilities, Weirdness & Mutations

You cannot wear most types of armour.
You are very stealthy in the water. (Stealth+)
You are amphibious.
You can wear up to eight rings at the same time.
You can use your tentacles to constrict eight enemies at once.
Your skin changes colour to match your surroundings (Stealth+).
Your rubbery body absorbs attacks. (AC +1, EV +1)


Message History

The centaur closely misses you.
You see here a jackal corpse.
Unknown command.
Casting: Sticky Flame (slightly dangerous; 21% risk of failure)
Confirm with . or Enter, or press ? or * to list all spells.
Aiming: Sticky Flame (slightly dangerous; 21% risk of failure)
Press: ? - help, Shift-Dir - straight line, f - centaur
Aim: a centaur The sticky flame hits the centaur.
The centaur is lightly wounded.
The centaur is covered in liquid flames!
The centaur burns!
The centaur hits you! The jackal misses you.
You hit the centaur.
The centaur is poisoned.
The centaur is heavily wounded.
The centaur burns!
The centaur closely misses you. The jackal completely misses you.
The orc warrior hits you from afar with a glaive!
* * * LOW HITPOINT WARNING * * *
The centaur hits you!
You die...

#.......# # ####.####
##.# #..#####
##......# #...###.#
#.###.##.########## #.
#..#.##.o)c..?###.
#.###..#.##(##@.......
#.......##.##h##.###.
#####........(# #
######.#### #....
#...... #.##"oc.. #.
..#.# #.


oo# # You could see an orc warrior, a centaur (burning) and a jackal.

Vanquished Creatures
  An orc warrior (D:6)
  A sky beast (D:6)
  A centaur (D:6)
  2 ogres (D:4)
  A bullfrog (D:3)
  A scorpion (D:3)
  A crimson imp (D:5)
  A hound (D:4)
  3 orc priests
  2 jellies (D:5)
  4 orc wizards
  2 bullfrog skeletons
  An iguana (D:4)
  3 worker ants
  A hound zombie (D:6)
  2 river rats (D:4)
  9 adders
  A shadow imp (D:5)
  An adder skeleton (D:5)
  3 worms (D:4)
  13 dart slugs
  5 leopard geckos
  17 orcs
  A ball python (D:2)
  11 bats
  5 giant cockroaches
  8 hobgoblins
  17 jackals
  2 quokkas
  3 frilled lizards
  6 goblins
  4 kobolds
  14 rats
147 creatures vanquished.

Vanquished Creatures (others)
  A kobold (D:1)
1 creature vanquished.

Grand Total: 148 creatures vanquished

Notes
Turn   | Place    | Note
-------+----------+-------------------------------------------
     0 | D:1      | dvd the Octopode Fire Elementalist began the quest for the
                  | Orb.
     0 | D:1      | Reached XP level 1. HP: 11/11 MP: 3/3
   120 | D:1      | Reached skill level 3 in Stealth
   427 | D:1      | Reached XP level 2. HP: 17/17 MP: 0/5
   807 | D:1      | Learned a level 2 spell: Throw Flame
   922 | D:2      | Reached XP level 3. HP: 21/21 MP: 6/6
  1353 | D:2      | Found a bloodstained altar of Trog.
  1472 | D:2      | Reached XP level 4. HP: 27/27 MP: 5/7
  1533 | D:2      | Reached skill level 1 in Short Blades
  1542 | D:2      | You fall through a shaft!
  1668 | D:2      | Found a bloodstained altar of Trog.
  1669 | D:2      | Found a hazy altar of Hepliaklqana.
  1690 | D:2      | Reached skill level 4 in Stealth
  2310 | D:3      | Noticed a bullfrog
  2316 | D:3      | Killed a bullfrog
  2316 | D:3      | Reached XP level 5. HP: 20/32 MP: 6/9
  2432 | D:3      | Learned a level 4 spell: Sticky Flame
  2624 | D:4      | Reached skill level 5 in Stealth
  2624 | D:4      | Reached XP level 6. HP: 22/37 MP: 8/10
  2630 | D:4      | Found Vuast's Armour Shoppe.
  2893 | D:4      | Reached skill level 1 in Fighting
  3446 | D:4      | Reached XP level 7. HP: 10/43 MP: 9/12
  3628 | D:4      | Reached skill level 6 in Stealth
  3961 | D:5      | Entered Level 5 of the Dungeon
  4245 | D:5      | Found a staircase to the Ecumenical Temple.
  4254 | Temple   | Entered the Ecumenical Temple
  4351 | Temple   | Became a worshipper of Vehumet
  4503 | D:5      | Reached XP level 8. HP: 43/50 MP: 6/14
  4866 | D:5      | Found an opulent altar of Gozag.
  5016 | D:5      | Found Enle's General Store.
  5019 | D:5      | Bought a potion of degeneration for 14 gold pieces
  5019 | D:5      | Bought a scroll of teleportation for 42 gold pieces
  5019 | D:5      | Bought a potion of curing for 42 gold pieces
  5101 | D:6      | Reached skill level 5 in Fire Magic
  5228 | D:6      | Reached * piety under Vehumet
  5228 | D:6      | Offered knowledge of Magic Dart by Vehumet.
  5239 | D:6      | Slain by a centaur

Skill      XL: |  1  2  3  4  5  6  7  8 |
---------------+-------------------------+-----
Stealth        | 3 4 5 6 |  6.9
Short Blades   | 1 2 3 |  3.2
Spellcasting   | 3 4 |  4.7
Fighting       | 1 2 |  2.1
Conjurations   | 2 3 |  3.6
Dodging        | 3 |  3.5
Fire Magic     | 4 5 |  5.1

Action                   |  1- 3 |  4- 6 |  7- 9 || total
-------------------------+-------+-------+-------++-------
Melee: Unarmed           |     3 |       |       ||     3
       Constrict         |     8 |    17 |    23 ||    48
       Dagger            |    22 |    66 |    99 ||   187
       Tentacles         |     3 |     9 |    17 ||    29
 Cast: Flame Tongue      |    25 |    37 |    44 ||   106
       Throw Flame       |     8 |    13 |    20 ||    41
       Sticky Flame      |       |       |     4 ||     4
 Stab: Sleeping          |     2 |    12 |     7 ||    21
  Eat: Chunk             |     2 |     7 |     7 ||    16
Armor: Skin              |     3 |     4 |     1 ||     8
Dodge: Dodged            |    16 |    40 |    56 ||   112
